EDMONTON vs SAN JOSE

Created - January 2, 2021 at 17:44

Goals
1 2 3 T
EDMONTON 0 1 1 2
SAN JOSE 2 0 1 3
Shots
1 2 3 T
EDMONTON 14 9 5 28
SAN JOSE 11 7 11 29

1st period

1. SAN JOSE , Jakob Silfverberg 1 (Paul Stastny 1) at 4:06
2. SAN JOSE , Kevin Hayes 1 (Dustin Brown 1, Danny DeKeyser 1) at 19:40

Penalties :
Kyle Palmieri (EDM) for Slashing (Minor) at 0:09, Ryan Pulock (SJ ) for Hooking (Minor) at 7:57, Ryan Dzingel (SJ ) for Fighting (Major) at 10:01, Barclay Goodrow (EDM) for Fighting (Major) at 10:01, Jason Demers (EDM) for Hooking (Minor) at 11:30

2nd period

3. EDMONTON , David Perron 1 (Anze Kopitar 1) at 14:35

Penalties :
Brian Boyle (SJ ) for Cross-checking (Minor) at 2:02, Tyler Johnson (EDM) for Roughing (Double Minor) at 18:12

3rd period

4. SAN JOSE , David Savard 1 (Kevin Hayes 1, Ryan Pulock 1) at 1:54 (PP)
5. EDMONTON , Bryan Rust 1 (Jakub Voracek 1, Jason Demers 1) at 9:46

Penalties :
David Perron (EDM) for High sticking (Minor) at 16:14

Goalie Stats

Darcy Kuemper (EDM), 26 saves from 29 shots - (0.897), L, 0-1-0, 59:28 minutes
Jake Allen (SJ ), 26 saves from 28 shots - (0.929), W, 1-0-0, 60:00 minutes

Players Stats for EDMONTON

Player Name              G  A  P  +/- PIM S  H  SB GA TA FO     MP     PP MP  PK MP  
------------------------------------------------------------------------------------
Anze Kopitar             0  1  1  -1  0   4  0  0  0  0  26/36  23:35   2:12   6:58 
Barclay Goodrow          0  0  0   0  5   0  1  0  0  0  0/0    12:20   0:00   1:40 
Bryan Rust               1  0  1   1  0   2  1  0  0  0  0/2    13:29   1:46   0:00 
Colin Miller             0  0  0   1  0   0  4  2  0  0  0/0    21:53   1:51   3:43 
Colton Sissons           0  0  0   0  0   3  0  0  0  0  7/12   11:55   0:00   0:00 
Darren Helm              0  0  0   0  0   3  0  0  0  0  0/0     8:20   0:00   0:00 
David Perron             1  0  1  -1  2   4  0  0  0  0  0/0    18:17   1:46   2:16 
Derek Forbort            0  0  0   1  0   0  1  3  0  0  0/0    16:19   0:00   0:00 
Jakub Voracek            0  1  1   1  0   2  0  0  0  0  1/2    20:44   2:12   6:40 
Jason Demers             0  1  1   0  2   2  2  0  0  0  0/0    18:42   1:51   3:08 
Josh Archibald           0  0  0   0  0   0  1  0  0  0  1/2     9:34   0:00   0:00 
Justin Holl              0  0  0  -1  0   0  4  0  0  0  0/0    16:55   0:00   0:35 
Kyle Palmieri            0  0  0  -1  2   4  0  1  0  0  4/6    18:20   2:12   1:44 
Mathieu Perreault        0  0  0   0  0   0  0  0  0  0  4/9     8:20   0:00   0:00 
Matt Roy                 0  0  0   0  0   0  1  1  0  0  0/0    21:47   2:07   5:56 
Michael Raffl            0  0  0   0  0   1  0  0  0  0  0/0    11:55   0:00   0:00 
Travis Hamonic           0  0  0  -1  0   3  0  0  0  0  0/0    24:23   2:07   5:56 
Tyler Johnson            0  0  0   1  4   0  1  0  0  0  10/12  13:28   1:46   0:00 

Players Stats for SAN JOSE

Player Name              G  A  P  +/- PIM S  H  SB GA TA FO     MP     PP MP  PK MP  
------------------------------------------------------------------------------------
Brian Boyle              0  0  0   0  2   1  2  0  0  0  0/1    13:14   0:00   0:00 
Chris Kreider            0  0  0   1  0   4  0  1  0  0  1/5    22:14   5:26   2:48 
Cody Ceci                0  0  0   2  0   1  3  1  0  0  0/0    21:25   4:10   2:32 
Corey Perry              0  0  0   0  0   0  0  0  0  0  0/0     6:06   0:00   0:00 
Danny DeKeyser           0  1  1   2  0   2  1  3  0  0  0/0    21:25   4:10   2:32 
David Savard             1  0  1   0  0   2  2  2  0  0  0/0    24:25   5:29   1:26 
Dustin Brown             0  1  1   1  0   2  1  0  0  0  1/8    20:36   5:26   1:10 
Jakob Silfverberg        1  0  1  -1  0   2  0  0  0  0  0/0    18:25   4:13   1:10 
Jesper Fast              0  0  0   0  0   0  1  0  0  0  0/0    13:15   0:00   0:00 
Jon Merrill              0  0  0  -2  0   1  1  1  0  0  0/0    15:00   0:00   0:50 
Jordan Weal              0  0  0   0  0   0  0  0  0  0  2/7     6:06   0:00   0:00 
Kevin Hayes              1  1  2   1  0   5  1  0  0  0  10/26  22:14   5:26   2:48 
MacKenzie Weegar         0  0  0  -2  0   0  1  2  0  0  0/0    14:10   0:00   0:00 
Paul Stastny             0  1  1  -1  0   0  1  0  0  0  8/20   18:39   4:13   0:00 
Rickard Rakell           0  0  0  -1  0   4  3  0  0  0  0/2    17:15   4:13   0:00 
Ryan Carpenter           0  0  0   0  0   2  2  0  0  0  0/0     6:06   0:00   0:00 
Ryan Dzingel             0  0  0   0  5   1  0  0  0  0  6/12   11:50   0:00   0:00 
Ryan Pulock              0  1  1   0  2   2  1  1  0  0  0/0    23:34   5:29   0:36 

3 Stars

1 - Kevin Hayes (SJ )
2 - David Savard (SJ )
3 - Danny DeKeyser (SJ )

Power Play

EDMONTON - 0 on 2 Attempt(s) - 0.00%
SAN JOSE - 1 on 5 Attempt(s) - 20.00%

Penalty Kill

EDMONTON - 4 on 5 Attempt(s) - 80.00% - Score 0 goal in Penalty Kill
SAN JOSE - 2 on 2 Attempt(s) - 100.00% - Score 0 goal in Penalty Kill

Team Stat

EDMONTON - Hits : 16 - Faceoff Wins : 53 - Blocked Shots : 7 - Penalty Minutes : 15
SAN JOSE - Hits : 20 - Faceoff Wins : 28 - Blocked Shots : 11 - Penalty Minutes : 9

Official

Referees : Dan O'Rourke and TJ Luxmore
Linesman : Robb Harrell and Derek Wahl

Game Notes

Barclay Goodrow beats up Ryan Dzingel at 10:01 of 1st period

Finance

Level 1 -- Attendance: 4405 (73.42%) -- Ticket Income $440,500
Level 2 -- Attendance: 3947 (78.94%) -- Ticket Income $236,820
Level 3 -- Attendance: 1762 (88.10%) -- Ticket Income $61,670
Level 4 -- Attendance: 4000 (100.00%) -- Ticket Income $80,000
Luxury Box -- Attendance: 782 (78.20%) -- Ticket Income $156,400
Game was played at the SAP Center.
Total Attendance: 14896 (82.76%)
Total Ticket Income: $975,390
Total Income: $975,390

EDMONTON

5 vs 5 Forward 
   Center                   Left Wing                Right Wing               Time % Phy DF OF 
 1 Anze Kopitar             David Perron             Kyle Palmieri            35     1   2  2  
 2 Tyler Johnson            Bryan Rust               Jakub Voracek            30     1   2  2  
 3 Colton Sissons           Michael Raffl            Barclay Goodrow          23     1   2  2  
 4 Mathieu Perreault        Darren Helm              Josh Archibald           12     1   2  2  

5 vs 5 Defense 
   Defense                  Defense                                           Time % Phy DF OF 
 1 Travis Hamonic           Justin Holl                                       33     1   2  2  
 2 Matt Roy                 Jason Demers                                      32     1   2  2  
 3 Colin Miller             Derek Forbort                                     25     1   2  2  
 4 Travis Hamonic           Justin Holl                                       10     1   2  2  

PowerPlay Forward 
   Center                   Left Wing                Right Wing               Time % Phy DF OF 
 1 Anze Kopitar             Jakub Voracek            Kyle Palmieri            60     1   2  2  
 2 Tyler Johnson            David Perron             Bryan Rust               40     1   2  2  

PowerPlay Defense
   Defense                  Defense                                           Time % Phy DF OF 
 1 Travis Hamonic           Matt Roy                                          60     1   2  2  
 2 Jason Demers             Colin Miller                                      40     1   2  2  

Penalty Kill 4 Players Forward 
   Center                   Wing                     Time % Phy DF OF 
 1 Anze Kopitar             Jakub Voracek            60     1   2  2  
 2 Kyle Palmieri            David Perron             40     1   2  2  

Penalty Kill 4 Players Defense
   Defense                  Defense                  Time % Phy DF OF 
 1 Travis Hamonic           Matt Roy                 60     1   2  2  
 2 Colin Miller             Jason Demers             40     1   2  2  

Penalty Kill - 3 Players Forward 
   Forward                                           Time % Phy DF OF 
 1 Anze Kopitar                                      60     1   2  2  
 2 Jakub Voracek                                     40     1   2  2  

Penalty Kill - 3 Players Defense
   Defense                  Defense                  Time % Phy DF OF 
 1 Travis Hamonic           Justin Holl              60     1   2  2  
 2 Matt Roy                 Jason Demers             40     1   2  2  

4 vs 4 Forward 
   Center                   Wing                     Time % Phy DF OF 
 1 Anze Kopitar             Jakub Voracek            60     1   2  2  
 2 Kyle Palmieri            David Perron             40     1   2  2  

4 vs 4 Defense
   Defense                  Defense                  Time % Phy DF OF 
 1 Travis Hamonic           Matt Roy                 60     1   2  2  
 2 Colin Miller             Jason Demers             40     1   2  2  

Last Minutes Offensive
   Center                   Left Wing                Right Wing               Defense                  Defense                  
   Anze Kopitar             Jakub Voracek            Kyle Palmieri            Travis Hamonic           Justin Holl              

Last Minutes Defensive
   Center                   Left Wing                Right Wing               Defense                  Defense                  
   Anze Kopitar             Jakub Voracek            Kyle Palmieri            Travis Hamonic           Justin Holl              

Goaltenders
Starting : Darcy Kuemper            
Backup : Aaron Dell               

Extra Forwards
Normal : Barclay Goodrow, Colton Sissons, Josh Archibald - PP : Barclay Goodrow, Colton Sissons - PK : Barclay Goodrow
Extra Defensemen
Normal : Derek Forbort, Colin Miller, Justin Holl - PP : Justin Holl - PK : Justin Holl, Colin Miller
Penalty Shots
Anze Kopitar, Jakub Voracek, Kyle Palmieri, David Perron, Tyler Johnson

Scratches
EDM Cap Hit (Suspend)

SAN JOSE

5 vs 5 Forward 
   Center                   Left Wing                Right Wing               Time % Phy DF OF 
 1 Kevin Hayes              Chris Kreider            Dustin Brown             35     1   2  2  
 2 Paul Stastny             Rickard Rakell           Jakob Silfverberg        30     1   2  2  
 3 Ryan Dzingel             Brian Boyle              Jesper Fast              25     1   2  2  
 4 Jordan Weal              Ryan Carpenter           Corey Perry              10     1   2  2  

5 vs 5 Defense 
   Defense                  Defense                                           Time % Phy DF OF 
 1 Ryan Pulock              David Savard                                      35     1   2  2  
 2 Cody Ceci                Danny DeKeyser                                    30     1   2  2  
 3 MacKenzie Weegar         Jon Merrill                                       25     1   2  2  
 4 Ryan Pulock              David Savard                                      10     1   2  2  

PowerPlay Forward 
   Center                   Left Wing                Right Wing               Time % Phy DF OF 
 1 Kevin Hayes              Chris Kreider            Dustin Brown             60     1   2  2  
 2 Paul Stastny             Rickard Rakell           Jakob Silfverberg        40     1   2  2  

PowerPlay Defense
   Defense                  Defense                                           Time % Phy DF OF 
 1 Ryan Pulock              David Savard                                      60     1   2  2  
 2 Cody Ceci                Danny DeKeyser                                    40     1   2  2  

Penalty Kill 4 Players Forward 
   Center                   Wing                     Time % Phy DF OF 
 1 Chris Kreider            Kevin Hayes              60     1   2  2  
 2 Dustin Brown             Jakob Silfverberg        40     1   2  2  

Penalty Kill 4 Players Defense
   Defense                  Defense                  Time % Phy DF OF 
 1 Ryan Pulock              David Savard             60     1   2  2  
 2 Cody Ceci                Danny DeKeyser           40     1   2  2  

Penalty Kill - 3 Players Forward 
   Forward                                           Time % Phy DF OF 
 1 Chris Kreider                                     60     1   2  2  
 2 Kevin Hayes                                       40     1   2  2  

Penalty Kill - 3 Players Defense
   Defense                  Defense                  Time % Phy DF OF 
 1 Ryan Pulock              David Savard             60     1   2  2  
 2 Cody Ceci                Danny DeKeyser           40     1   2  2  

4 vs 4 Forward 
   Center                   Wing                     Time % Phy DF OF 
 1 Chris Kreider            Kevin Hayes              60     1   2  2  
 2 Dustin Brown             Jakob Silfverberg        40     1   2  2  

4 vs 4 Defense
   Defense                  Defense                  Time % Phy DF OF 
 1 Ryan Pulock              David Savard             60     1   2  2  
 2 Cody Ceci                Danny DeKeyser           40     1   2  2  

Last Minutes Offensive
   Center                   Left Wing                Right Wing               Defense                  Defense                  
   Kevin Hayes              Chris Kreider            Dustin Brown             Ryan Pulock              David Savard             

Last Minutes Defensive
   Center                   Left Wing                Right Wing               Defense                  Defense                  
   Kevin Hayes              Chris Kreider            Dustin Brown             Ryan Pulock              David Savard             

Goaltenders
Starting : Jake Allen               
Backup : Edward Pasquale          

Extra Forwards
Normal : Jesper Fast, Brian Boyle, Ryan Dzingel - PP : Jesper Fast, Brian Boyle - PK : Ryan Dzingel
Extra Defensemen
Normal : MacKenzie Weegar, Jon Merrill, Cody Ceci - PP : MacKenzie Weegar - PK : Jon Merrill, Cody Ceci
Penalty Shots
Chris Kreider, Kevin Hayes, Dustin Brown, Jakob Silfverberg, Rickard Rakell

Scratches
Braydon Coburn (Healthy), SJ Cap Hit (Suspend), Stefan Noesen (Healthy), Kyle Clifford (Healthy)

% Time on Ice - EDMONTON

Lines # - Real PCT - Wanted PCT - Time Play
Normal Forward
1 - 31% - 35% - 14:16
2 - 25% - 30% - 11:43
3 - 26% - 23% - 11:55
4 - 18% - 12% - 8:20
Normal Defense
1 - 32% - 33% - 14:52
2 - 30% - 32% - 13:44
3 - 35% - 25% - 16:10
4 - 3% - 10% - 1:28
PP Forward
1 - 55% - 60% - 2:12
2 - 45% - 40% - 1:46
PP Defense
1 - 53% - 60% - 2:07
2 - 47% - 40% - 1:51
PK Forward
1 - 73% - 60% - 7:01
2 - 27% - 40% - 2:38
PK Defense
1 - 61% - 60% - 5:56
2 - 39% - 40% - 3:43
PK3 Forward
1 - 0% - 60%
2 - 0% - 40%
PK3 Defense
1 - 0% - 60%
2 - 0% - 40%
44 Forward
1 - 0% - 60%
2 - 0% - 40%
44 Defense
1 - 0% - 60%
2 - 0% - 40%
Last Minute Offensive  - 0:09
Last Minute Defensive  - 0:00
Total
Forward - 60:00
Defense - 60:00

% Time on Ice - SAN JOSE

Lines # - Real PCT - Wanted PCT - Time Play
Normal Forward
1 - 30% - 35% - 13:36
2 - 28% - 30% - 13:02
3 - 29% - 25% - 13:15
4 - 13% - 10% - 6:06
Normal Defense
1 - 33% - 35% - 15:02
2 - 32% - 30% - 14:43
3 - 31% - 25% - 14:10
4 - 4% - 10% - 2:04
PP Forward
1 - 56% - 60% - 5:26
2 - 44% - 40% - 4:13
PP Defense
1 - 57% - 60% - 5:29
2 - 43% - 40% - 4:10
PK Forward
1 - 71% - 60% - 2:48
2 - 29% - 40% - 1:10
PK Defense
1 - 36% - 60% - 1:26
2 - 64% - 40% - 2:32
PK3 Forward
1 - 0% - 60%
2 - 0% - 40%
PK3 Defense
1 - 0% - 60%
2 - 0% - 40%
44 Forward
1 - 0% - 60%
2 - 0% - 40%
44 Defense
1 - 0% - 60%
2 - 0% - 40%
Last Minute Offensive  - 0:00
Last Minute Defensive  - 0:24
Total
Forward - 60:00
Defense - 60:00

Play-by-Play

1st period


0:01 of 1st period - Anze Kopitar wins face-off versus Dustin Brown in neutral zone.
0:09 of 1st period - Minor Penalty to Kyle Palmieri for Slashing.
0:10 of 1st period - Anze Kopitar wins face-off versus Kevin Hayes in EDMONTON zone.
0:20 of 1st period - Icing by Kevin Hayes.
0:21 of 1st period - Anze Kopitar wins face-off versus Kevin Hayes in SAN JOSE zone.
1:34 of 1st period - Shot by Danny DeKeyser.
1:34 of 1st period - Shot Misses the Net.
1:40 of 1st period - Shot by Rickard Rakell.
1:40 of 1st period - Stopped by Darcy Kuemper without a rebound.
1:41 of 1st period - Anze Kopitar wins face-off versus Paul Stastny in EDMONTON zone.
2:33 of 1st period - Ryan Dzingel is hit by Justin Holl and loses puck.
2:40 of 1st period - Shot by Jon Merrill.
2:40 of 1st period - Shot Misses the Net.
2:42 of 1st period - Shot by Brian Boyle.
2:42 of 1st period - Shot Misses the Net.
2:44 of 1st period - Shot by Ryan Dzingel.
2:44 of 1st period - Stopped by Darcy Kuemper with a rebound.
2:46 of 1st period - Shot by Brian Boyle.
2:46 of 1st period - Stopped by Darcy Kuemper without a rebound.
2:47 of 1st period - Tyler Johnson wins face-off versus Kevin Hayes in EDMONTON zone.
3:13 of 1st period - Icing by Ryan Pulock.
3:14 of 1st period - Dustin Brown wins face-off versus Anze Kopitar in SAN JOSE zone.
4:06 of 1st period - Shot by Jakob Silfverberg.
4:06 of 1st period - Goal by Jakob Silfverberg - EDMONTON : 0 - SAN JOSE : 1.
4:07 of 1st period - Colton Sissons wins face-off versus Paul Stastny in neutral zone.
4:16 of 1st period - Shot by Michael Raffl.
4:16 of 1st period - Stopped by Jake Allen without a rebound.
4:17 of 1st period - Tyler Johnson wins face-off versus Brian Boyle in SAN JOSE zone.
4:18 of 1st period - Shot by Bryan Rust.
4:18 of 1st period - Shot Misses the Net.
4:21 of 1st period - Icing by Danny DeKeyser.
4:22 of 1st period - Ryan Dzingel wins face-off versus Colton Sissons in SAN JOSE zone.
5:15 of 1st period - Shot by Paul Stastny.
5:15 of 1st period - Shot Misses the Net.
5:17 of 1st period - Shot by Jon Merrill.
5:17 of 1st period - Stopped by Darcy Kuemper with a rebound.
7:02 of 1st period - Icing by Danny DeKeyser.
7:03 of 1st period - Anze Kopitar wins face-off versus Jordan Weal in SAN JOSE zone.
7:06 of 1st period - Shot by Anze Kopitar.
7:06 of 1st period - Shot Blocked by Danny DeKeyser.
7:18 of 1st period - Shot by David Perron.
7:18 of 1st period - Deflect By Kyle Palmieri.
7:18 of 1st period - Stopped by Jake Allen without a rebound.
7:19 of 1st period - Paul Stastny wins face-off versus Mathieu Perreault in SAN JOSE zone.
7:25 of 1st period - Jakob Silfverberg is hit by Josh Archibald and loses puck.
7:30 of 1st period - Shot by Colin Miller.
7:30 of 1st period - Shot Misses the Net.
7:34 of 1st period - Shot by Darren Helm.
7:34 of 1st period - Stopped by Jake Allen with a rebound.
7:36 of 1st period - Shot by Darren Helm.
7:36 of 1st period - Stopped by Jake Allen without a rebound.
7:37 of 1st period - Ryan Dzingel wins face-off versus Anze Kopitar in SAN JOSE zone.
7:43 of 1st period - David Perron is hit by David Savard and loses puck.
7:54 of 1st period - Shot by Anze Kopitar.
7:54 of 1st period - Stopped by Jake Allen with a rebound.
7:56 of 1st period - Shot by Jason Demers.
7:56 of 1st period - Shot Blocked by Ryan Pulock.
7:57 of 1st period - Minor Penalty to Ryan Pulock for Hooking.
7:58 of 1st period - Tyler Johnson wins face-off versus Chris Kreider in SAN JOSE zone.
8:03 of 1st period - Shot by Jason Demers.
8:03 of 1st period - Stopped by Jake Allen without a rebound.
8:04 of 1st period - Kyle Palmieri wins face-off versus Chris Kreider in SAN JOSE zone.
8:11 of 1st period - Shot by Anze Kopitar.
8:11 of 1st period - Shot Misses the Net.
8:13 of 1st period - Shot by Anze Kopitar.
8:13 of 1st period - Deflect By Jakub Voracek.
8:13 of 1st period - Stopped by Jake Allen with a rebound.
8:15 of 1st period - Shot by Kyle Palmieri.
8:15 of 1st period - Stopped by Jake Allen without a rebound.
8:16 of 1st period - Tyler Johnson wins face-off versus Chris Kreider in SAN JOSE zone.
8:19 of 1st period - Shot by David Perron.
8:19 of 1st period - Stopped by Jake Allen with a rebound.
9:12 of 1st period - Icing by Anze Kopitar.
9:13 of 1st period - Anze Kopitar wins face-off versus Dustin Brown in EDMONTON zone.
9:13 of 1st period - Anze Kopitar is hit by Dustin Brown.
9:21 of 1st period - Shot by Anze Kopitar.
9:21 of 1st period - Shot Misses the Net.
9:23 of 1st period - Shot by Travis Hamonic.
9:23 of 1st period - Stopped by Jake Allen without a rebound.
9:24 of 1st period - Anze Kopitar wins face-off versus Dustin Brown in SAN JOSE zone.
9:34 of 1st period - Kyle Palmieri is hit by Cody Ceci.
10:01 of 1st period - Barclay Goodrow beats up Ryan Dzingel.
10:01 of 1st period - Penalty to Ryan Dzingel for Fighting.
10:01 of 1st period - Penalty to Barclay Goodrow for Fighting.
10:02 of 1st period - Paul Stastny wins face-off versus Colton Sissons in neutral zone.
11:15 of 1st period - Shot by Ryan Carpenter.
11:15 of 1st period - Stopped by Darcy Kuemper without a rebound.
11:16 of 1st period - Kevin Hayes wins face-off versus Anze Kopitar in EDMONTON zone.
11:16 of 1st period - Dustin Brown is hit by Matt Roy.
11:18 of 1st period - Shot by Chris Kreider.
11:18 of 1st period - Deflect By Dustin Brown.
11:18 of 1st period - Shot Misses the Net.
11:30 of 1st period - Minor Penalty to Jason Demers for Hooking.
11:31 of 1st period - Paul Stastny wins face-off versus Anze Kopitar in EDMONTON zone.
12:01 of 1st period - Icing by Rickard Rakell.
12:02 of 1st period - Anze Kopitar wins face-off versus Paul Stastny in SAN JOSE zone.
12:06 of 1st period - Icing by Ryan Pulock.
12:07 of 1st period - Anze Kopitar wins face-off versus Rickard Rakell in SAN JOSE zone.
12:09 of 1st period - Jakub Voracek is hit by David Savard.
12:17 of 1st period - Shot by Rickard Rakell.
12:17 of 1st period - Deflect By Jakob Silfverberg.
12:17 of 1st period - Shot Misses the Net.
12:55 of 1st period - Shot by Dustin Brown.
12:55 of 1st period - Stopped by Darcy Kuemper with a rebound.
12:57 of 1st period - Shot by Danny DeKeyser.
12:57 of 1st period - Shot Blocked by Matt Roy.
12:59 of 1st period - Shot by Cody Ceci.
12:59 of 1st period - Stopped by Darcy Kuemper without a rebound.
13:00 of 1st period - Kyle Palmieri wins face-off versus Dustin Brown in EDMONTON zone.
13:17 of 1st period - Shot by David Perron.
13:17 of 1st period - Stopped by Jake Allen with a rebound.
13:36 of 1st period - Jesper Fast is hit by Derek Forbort and loses puck.
14:16 of 1st period - Icing by Darren Helm.
14:17 of 1st period - Mathieu Perreault wins face-off versus Jordan Weal in EDMONTON zone.
14:17 of 1st period - Mathieu Perreault is hit by Ryan Carpenter.
14:25 of 1st period - Shot by Ryan Carpenter.
14:25 of 1st period - Shot Blocked by Derek Forbort.
15:36 of 1st period - Off-side.
15:37 of 1st period - Paul Stastny wins face-off versus Jakub Voracek in neutral zone.
15:46 of 1st period - Shot by Rickard Rakell.
15:46 of 1st period - Stopped by Darcy Kuemper without a rebound.
15:47 of 1st period - Ryan Dzingel wins face-off versus Tyler Johnson in EDMONTON zone.
16:42 of 1st period - Kyle Palmieri is hit by Brian Boyle and loses puck.
17:26 of 1st period - Shot by Rickard Rakell.
17:26 of 1st period - Shot Misses the Net.
17:50 of 1st period - Icing by Ryan Pulock.
17:51 of 1st period - Colton Sissons wins face-off versus Kevin Hayes in SAN JOSE zone.
18:06 of 1st period - Shot by Colton Sissons.
18:06 of 1st period - Stopped by Jake Allen with a rebound.
18:08 of 1st period - Shot by Jason Demers.
18:08 of 1st period - Stopped by Jake Allen without a rebound.
18:09 of 1st period - Tyler Johnson wins face-off versus Jordan Weal in SAN JOSE zone.
18:32 of 1st period - Shot by Bryan Rust.
18:32 of 1st period - Deflect By Tyler Johnson.
18:32 of 1st period - Shot Misses the Net.
18:34 of 1st period - Shot by Jakub Voracek.
18:34 of 1st period - Stopped by Jake Allen without a rebound.
18:35 of 1st period - Colton Sissons wins face-off versus Paul Stastny in SAN JOSE zone.
18:36 of 1st period - Shot by Barclay Goodrow.
18:36 of 1st period - Shot Blocked by David Savard.
19:00 of 1st period - Jakob Silfverberg is hit by Jason Demers and loses puck.
19:27 of 1st period - Shot by Kevin Hayes.
19:27 of 1st period - Stopped by Darcy Kuemper without a rebound.
19:28 of 1st period - Anze Kopitar wins face-off versus Kevin Hayes in EDMONTON zone.
19:38 of 1st period - Shot by Dustin Brown.
19:38 of 1st period - Shot Misses the Net.
19:40 of 1st period - Shot by Kevin Hayes.
19:40 of 1st period - Goal by Kevin Hayes - EDMONTON : 0 - SAN JOSE : 2.
19:41 of 1st period - Tyler Johnson wins face-off versus Ryan Dzingel in neutral zone.
Goals for this period are 0 for EDMONTON vs 2 for SAN JOSE.
Shots for this period are 14 for EDMONTON vs 11 for SAN JOSE.

2nd period


0:01 of 2nd period - Anze Kopitar wins face-off versus Kevin Hayes in neutral zone.
0:18 of 2nd period - Shot by Kyle Palmieri.
0:18 of 2nd period - Stopped by Jake Allen without a rebound.
0:19 of 2nd period - Paul Stastny wins face-off versus Bryan Rust in SAN JOSE zone.
0:28 of 2nd period - Shot by Rickard Rakell.
0:28 of 2nd period - Stopped by Darcy Kuemper without a rebound.
0:29 of 2nd period - Anze Kopitar wins face-off versus Kevin Hayes in EDMONTON zone.
0:38 of 2nd period - Shot by Chris Kreider.
0:38 of 2nd period - Shot Misses the Net.
1:09 of 2nd period - Shot by Chris Kreider.
1:09 of 2nd period - Shot Misses the Net.
1:11 of 2nd period - Shot by Danny DeKeyser.
1:11 of 2nd period - Shot Misses the Net.
1:33 of 2nd period - Bryan Rust is hit by Paul Stastny and loses puck.
1:48 of 2nd period - Shot by Tyler Johnson.
1:48 of 2nd period - Shot Misses the Net.
2:02 of 2nd period - Minor Penalty to Brian Boyle for Cross-checking.
2:03 of 2nd period - Anze Kopitar wins face-off versus Chris Kreider in SAN JOSE zone.
2:04 of 2nd period - Shot by Kyle Palmieri.
2:04 of 2nd period - Shot Blocked by Danny DeKeyser.
2:06 of 2nd period - Shot by Anze Kopitar.
2:06 of 2nd period - Shot Misses the Net.
2:10 of 2nd period - Shot by Jakub Voracek.
2:10 of 2nd period - Shot Misses the Net.
2:12 of 2nd period - Shot by Jason Demers.
2:12 of 2nd period - Shot Blocked by Cody Ceci.
2:14 of 2nd period - Shot by Anze Kopitar.
2:14 of 2nd period - Stopped by Jake Allen without a rebound.
2:15 of 2nd period - Chris Kreider wins face-off versus Tyler Johnson in SAN JOSE zone.
2:30 of 2nd period - Shot by Bryan Rust.
2:30 of 2nd period - Stopped by Jake Allen without a rebound.
2:31 of 2nd period - Kevin Hayes wins face-off versus Anze Kopitar in SAN JOSE zone.
2:50 of 2nd period - Shot by Anze Kopitar.
2:50 of 2nd period - Shot Blocked by Chris Kreider.
2:52 of 2nd period - Shot by Colin Miller.
2:52 of 2nd period - Shot Misses the Net.
2:54 of 2nd period - Shot by Anze Kopitar.
2:54 of 2nd period - Stopped by Jake Allen without a rebound.
2:55 of 2nd period - Tyler Johnson wins face-off versus Dustin Brown in SAN JOSE zone.
3:50 of 2nd period - Jakub Voracek is hit by Cody Ceci and loses puck.
3:53 of 2nd period - Shot by Anze Kopitar.
3:53 of 2nd period - Stopped by Jake Allen without a rebound.
3:54 of 2nd period - Anze Kopitar wins face-off versus Dustin Brown in SAN JOSE zone.
3:59 of 2nd period - Shot by Anze Kopitar.
3:59 of 2nd period - Shot Misses the Net.
5:22 of 2nd period - Shot by Mathieu Perreault.
5:22 of 2nd period - Shot Blocked by David Savard.
5:42 of 2nd period - Icing by Ryan Pulock.
5:43 of 2nd period - Paul Stastny wins face-off versus Anze Kopitar in SAN JOSE zone.
7:36 of 2nd period - Shot by Dustin Brown.
7:36 of 2nd period - Shot Misses the Net.
7:38 of 2nd period - Shot by Chris Kreider.
7:38 of 2nd period - Stopped by Darcy Kuemper without a rebound.
7:39 of 2nd period - Jordan Weal wins face-off versus Mathieu Perreault in EDMONTON zone.
8:11 of 2nd period - Shot by Mathieu Perreault.
8:11 of 2nd period - Deflect By Darren Helm.
8:11 of 2nd period - Stopped by Jake Allen with a rebound.
8:13 of 2nd period - Shot by Mathieu Perreault.
8:13 of 2nd period - Shot Blocked by MacKenzie Weegar.
8:36 of 2nd period - Shot by Anze Kopitar.
8:36 of 2nd period - Shot Misses the Net.
8:38 of 2nd period - Shot by Derek Forbort.
8:38 of 2nd period - Shot Misses the Net.
8:40 of 2nd period - Shot by Derek Forbort.
8:40 of 2nd period - Shot Misses the Net.
8:42 of 2nd period - Shot by David Perron.
8:42 of 2nd period - Shot Misses the Net.
8:44 of 2nd period - Shot by Derek Forbort.
8:44 of 2nd period - Shot Blocked by MacKenzie Weegar.
8:48 of 2nd period - Shot by Kyle Palmieri.
8:48 of 2nd period - Stopped by Jake Allen without a rebound.
8:49 of 2nd period - Tyler Johnson wins face-off versus Kevin Hayes in SAN JOSE zone.
9:01 of 2nd period - Icing by Ryan Pulock.
9:02 of 2nd period - Kevin Hayes wins face-off versus Colton Sissons in SAN JOSE zone.
9:06 of 2nd period - David Savard is hit by Justin Holl and loses puck.
9:18 of 2nd period - Shot by David Savard.
9:18 of 2nd period - Deflect By Dustin Brown.
9:18 of 2nd period - Stopped by Darcy Kuemper with a rebound.
9:53 of 2nd period - Shot by Bryan Rust.
9:53 of 2nd period - Shot Misses the Net.
10:03 of 2nd period - Shot by Bryan Rust.
10:03 of 2nd period - Shot Misses the Net.
11:33 of 2nd period - Jesper Fast is hit by Colin Miller and loses puck.
11:53 of 2nd period - Jesper Fast is hit by Colin Miller and loses puck.
12:07 of 2nd period - Icing by Derek Forbort.
12:08 of 2nd period - Jordan Weal wins face-off versus Anze Kopitar in EDMONTON zone.
12:13 of 2nd period - Shot by Corey Perry.
12:13 of 2nd period - Shot Blocked by Derek Forbort.
12:36 of 2nd period - Shot by Ryan Carpenter.
12:36 of 2nd period - Stopped by Darcy Kuemper without a rebound.
12:37 of 2nd period - Colton Sissons wins face-off versus Paul Stastny in EDMONTON zone.
12:50 of 2nd period - Justin Holl is hit by Rickard Rakell and loses puck.
12:56 of 2nd period - Icing by Travis Hamonic.
12:57 of 2nd period - Colton Sissons wins face-off versus Ryan Dzingel in EDMONTON zone.
13:40 of 2nd period - Shot by Jakub Voracek.
13:40 of 2nd period - Shot Misses the Net.
14:11 of 2nd period - Icing by Danny DeKeyser.
14:12 of 2nd period - Kevin Hayes wins face-off versus Mathieu Perreault in SAN JOSE zone.
14:29 of 2nd period - Shot by Travis Hamonic.
14:29 of 2nd period - Stopped by Jake Allen without a rebound.
14:30 of 2nd period - Anze Kopitar wins face-off versus Paul Stastny in SAN JOSE zone.
14:33 of 2nd period - Shot by Anze Kopitar.
14:33 of 2nd period - Shot Blocked by Jon Merrill.
14:35 of 2nd period - Shot by David Perron.
14:35 of 2nd period - Goal by David Perron - EDMONTON : 1 - SAN JOSE : 2.
14:36 of 2nd period - Anze Kopitar wins face-off versus Paul Stastny in neutral zone.
15:13 of 2nd period - Shot by Rickard Rakell.
15:13 of 2nd period - Shot Hit the Post.
15:15 of 2nd period - Shot by Jakob Silfverberg.
15:15 of 2nd period - Shot Blocked by Kyle Palmieri.
16:22 of 2nd period - Icing by Chris Kreider.
16:23 of 2nd period - Josh Archibald wins face-off versus Kevin Hayes in SAN JOSE zone.
16:41 of 2nd period - Icing by Matt Roy.
16:42 of 2nd period - Mathieu Perreault wins face-off versus Paul Stastny in EDMONTON zone.
16:48 of 2nd period - Darren Helm is hit by Danny DeKeyser and loses puck.
17:32 of 2nd period - Danny DeKeyser is hit by Justin Holl and loses puck.
18:12 of 2nd period - Double Minor Penalty to Tyler Johnson for Roughing.
18:13 of 2nd period - Anze Kopitar wins face-off versus Kevin Hayes in EDMONTON zone.
18:30 of 2nd period - Icing by Chris Kreider.
18:31 of 2nd period - Kevin Hayes wins face-off versus Anze Kopitar in SAN JOSE zone.
18:56 of 2nd period - Shot by Chris Kreider.
18:56 of 2nd period - Stopped by Darcy Kuemper without a rebound.
18:57 of 2nd period - Kevin Hayes wins face-off versus Kyle Palmieri in EDMONTON zone.
18:58 of 2nd period - Shot by Ryan Pulock.
18:58 of 2nd period - Shot Misses the Net.
19:00 of 2nd period - Shot by Ryan Pulock.
19:00 of 2nd period - Stopped by Darcy Kuemper without a rebound.
19:01 of 2nd period - Anze Kopitar wins face-off versus Kevin Hayes in EDMONTON zone.
19:16 of 2nd period - Shot by David Savard.
19:16 of 2nd period - Stopped by Darcy Kuemper without a rebound.
19:17 of 2nd period - Anze Kopitar wins face-off versus Paul Stastny in EDMONTON zone.
19:17 of 2nd period - Anze Kopitar is hit by Rickard Rakell.
19:24 of 2nd period - Icing by Paul Stastny.
19:25 of 2nd period - Jakub Voracek wins face-off versus Paul Stastny in SAN JOSE zone.
19:41 of 2nd period - Off-side.
19:42 of 2nd period - Kevin Hayes wins face-off versus Anze Kopitar in neutral zone.
19:49 of 2nd period - Shot by Kevin Hayes.
19:49 of 2nd period - Shot Misses the Net.
19:51 of 2nd period - Shot by Ryan Pulock.
19:51 of 2nd period - Shot Misses the Net.
19:53 of 2nd period - Shot by David Savard.
19:53 of 2nd period - Shot Blocked by Colin Miller.
19:55 of 2nd period - Shot by Ryan Pulock.
19:55 of 2nd period - Shot Hit the Post.
Goals for this period are 1 for EDMONTON vs 0 for SAN JOSE.
Shots for this period are 9 for EDMONTON vs 7 for SAN JOSE.

3rd period


0:01 of 3rd period - Anze Kopitar wins face-off versus Kevin Hayes in neutral zone.
0:15 of 3rd period - Dustin Brown is hit by Jason Demers and loses puck.
1:36 of 3rd period - Icing by Kevin Hayes.
1:37 of 3rd period - Kevin Hayes wins face-off versus Anze Kopitar in SAN JOSE zone.
1:54 of 3rd period - Shot by David Savard.
1:54 of 3rd period - Goal by David Savard - EDMONTON : 1 - SAN JOSE : 3.
1:55 of 3rd period - Colton Sissons wins face-off versus Ryan Dzingel in neutral zone.
3:21 of 3rd period - Icing by Justin Holl.
3:22 of 3rd period - Mathieu Perreault wins face-off versus Dustin Brown in EDMONTON zone.
4:27 of 3rd period - Kevin Hayes is hit by Tyler Johnson and loses puck.
4:57 of 3rd period - Paul Stastny is hit by Colin Miller and loses puck.
5:28 of 3rd period - Bryan Rust is hit by Jesper Fast.
5:31 of 3rd period - Jakub Voracek is hit by MacKenzie Weegar and loses puck.
5:55 of 3rd period - Shot by Colton Sissons.
5:55 of 3rd period - Stopped by Jake Allen without a rebound.
5:56 of 3rd period - Anze Kopitar wins face-off versus Jordan Weal in SAN JOSE zone.
6:20 of 3rd period - Shot by Matt Roy.
6:20 of 3rd period - Shot Blocked by Danny DeKeyser.
6:22 of 3rd period - Shot by David Perron.
6:22 of 3rd period - Stopped by Jake Allen without a rebound.
6:23 of 3rd period - Paul Stastny wins face-off versus Colton Sissons in SAN JOSE zone.
6:23 of 3rd period - Rickard Rakell is hit by Barclay Goodrow and loses puck.
7:00 of 3rd period - Shot by Barclay Goodrow.
7:00 of 3rd period - Deflect By Colton Sissons.
7:00 of 3rd period - Shot Hit the Post.
7:02 of 3rd period - Shot by Travis Hamonic.
7:02 of 3rd period - Stopped by Jake Allen without a rebound.
7:03 of 3rd period - Anze Kopitar wins face-off versus Kevin Hayes in SAN JOSE zone.
7:30 of 3rd period - Shot by Chris Kreider.
7:30 of 3rd period - Stopped by Darcy Kuemper without a rebound.
7:31 of 3rd period - Ryan Dzingel wins face-off versus Mathieu Perreault in EDMONTON zone.
7:32 of 3rd period - Shot by Danny DeKeyser.
7:32 of 3rd period - Stopped by Darcy Kuemper with a rebound.
7:59 of 3rd period - Darren Helm is hit by Cody Ceci and loses puck.
8:34 of 3rd period - Kyle Palmieri is hit by Ryan Pulock and loses puck.
9:46 of 3rd period - Shot by Bryan Rust.
9:46 of 3rd period - Goal by Bryan Rust - EDMONTON : 2 - SAN JOSE : 3.
9:47 of 3rd period - Colton Sissons wins face-off versus Jordan Weal in neutral zone.
10:40 of 3rd period - Barclay Goodrow is hit by Rickard Rakell and loses puck.
11:03 of 3rd period - Shot by Paul Stastny.
11:03 of 3rd period - Shot Misses the Net.
11:27 of 3rd period - Shot by Chris Kreider.
11:27 of 3rd period - Shot Misses the Net.
11:40 of 3rd period - Icing by Travis Hamonic.
11:41 of 3rd period - Kyle Palmieri wins face-off versus Ryan Dzingel in EDMONTON zone.
12:10 of 3rd period - Shot by Ryan Dzingel.
12:10 of 3rd period - Shot Misses the Net.
12:38 of 3rd period - Jordan Weal is hit by Bryan Rust and loses puck.
13:09 of 3rd period - Matt Roy is hit by Ryan Carpenter and loses puck.
13:19 of 3rd period - Icing by Jason Demers.
13:20 of 3rd period - Tyler Johnson wins face-off versus Kevin Hayes in EDMONTON zone.
13:20 of 3rd period - Tyler Johnson is hit by Kevin Hayes.
13:58 of 3rd period - Shot by Kevin Hayes.
13:58 of 3rd period - Shot Blocked by Derek Forbort.
14:00 of 3rd period - Shot by Kevin Hayes.
14:00 of 3rd period - Stopped by Darcy Kuemper without a rebound.
14:01 of 3rd period - Anze Kopitar wins face-off versus Paul Stastny in EDMONTON zone.
14:30 of 3rd period - Shot by Rickard Rakell.
14:30 of 3rd period - Shot Misses the Net.
15:00 of 3rd period - Icing by Matt Roy.
15:01 of 3rd period - Kevin Hayes wins face-off versus Colton Sissons in EDMONTON zone.
15:04 of 3rd period - Shot by Kevin Hayes.
15:04 of 3rd period - Stopped by Darcy Kuemper with a rebound.
15:20 of 3rd period - Shot by Colton Sissons.
15:20 of 3rd period - Stopped by Jake Allen without a rebound.
15:21 of 3rd period - Tyler Johnson wins face-off versus Ryan Dzingel in SAN JOSE zone.
15:29 of 3rd period - Icing by MacKenzie Weegar.
15:30 of 3rd period - Ryan Dzingel wins face-off versus Bryan Rust in SAN JOSE zone.
16:14 of 3rd period - Minor Penalty to David Perron for High sticking.
16:15 of 3rd period - Anze Kopitar wins face-off versus Kevin Hayes in EDMONTON zone.
16:48 of 3rd period - Shot by Dustin Brown.
16:48 of 3rd period - Shot Misses the Net.
16:50 of 3rd period - Shot by Ryan Pulock.
16:50 of 3rd period - Stopped by Darcy Kuemper without a rebound.
16:51 of 3rd period - Paul Stastny wins face-off versus Kyle Palmieri in EDMONTON zone.
16:56 of 3rd period - Shot by Jakob Silfverberg.
16:56 of 3rd period - Stopped by Darcy Kuemper without a rebound.
16:57 of 3rd period - Kyle Palmieri wins face-off versus Paul Stastny in EDMONTON zone.
17:18 of 3rd period - Shot by Rickard Rakell.
17:18 of 3rd period - Stopped by Darcy Kuemper without a rebound.
17:19 of 3rd period - Anze Kopitar wins face-off versus Kevin Hayes in EDMONTON zone.
17:34 of 3rd period - Shot by Kevin Hayes.
17:34 of 3rd period - Stopped by Darcy Kuemper without a rebound.
17:35 of 3rd period - Anze Kopitar wins face-off versus Rickard Rakell in EDMONTON zone.
17:59 of 3rd period - Shot by Danny DeKeyser.
17:59 of 3rd period - Stopped by Darcy Kuemper with a rebound.
18:32 of 3rd period - Chris Kreider is hit by Colin Miller.
18:34 of 3rd period - Shot by Kevin Hayes.
18:34 of 3rd period - Shot Misses the Net.
18:36 of 3rd period - Shot by David Savard.
18:36 of 3rd period - Shot Blocked by Colin Miller.
18:46 of 3rd period - Shot by Dustin Brown.
18:46 of 3rd period - Shot Misses the Net.
18:48 of 3rd period - Shot by Chris Kreider.
18:48 of 3rd period - Stopped by Darcy Kuemper without a rebound.
18:49 of 3rd period - Ryan Dzingel wins face-off versus Mathieu Perreault in EDMONTON zone.
18:53 of 3rd period - Icing by Justin Holl.
18:54 of 3rd period - Mathieu Perreault wins face-off versus Ryan Dzingel in EDMONTON zone.
18:54 of 3rd period - Mathieu Perreault is hit by Brian Boyle.
19:01 of 3rd period - Josh Archibald is hit by Jon Merrill and loses puck.
19:08 of 3rd period - EDMONTON, Darcy Kuemper is pulled from the net.
19:35 of 3rd period - Icing by Travis Hamonic.
19:36 of 3rd period - Darcy Kuemper from EDMONTON was sent back in the game.
19:36 of 3rd period - Kevin Hayes wins face-off versus Josh Archibald in EDMONTON zone.
19:36 of 3rd period - Kevin Hayes is hit by Justin Holl.
19:56 of 3rd period - EDMONTON, Darcy Kuemper is pulled from the net.
Goals for this period are 1 for EDMONTON vs 1 for SAN JOSE.
Shots for this period are 5 for EDMONTON vs 11 for SAN JOSE.